 Dungeon Crawl Stone Soup version 0.29.0-7-g18a832c13a (webtiles) character file.

Game seed: 2823128526841430280

196 Shayle the Sneak (level 5, 0/35 HPs)
             Began as a Vampire Enchanter on Aug 31, 2022.
             Slain by Pikel
             ... wielding a +1 whip of freezing
              (1 damage)
             ... on level 3 of the Dungeon.
             The game lasted 00:11:25 (3133 turns).

Shayle the Sneak (Vampire Enchanter)                Turns: 3133, Time: 00:11:25

Health: 0/35       AC:  7    Str:  7    XL:     5   Next: 45%
Magic:  1/8        EV: 16    Int: 20    God:
Gold:   198        SH:  0    Dex: 14    Spells: 6/8 levels left

rFire   . . .      SeeInvis +   c - +2 whip (elec)
rCold   . . .      Faith    .   (no shield)
rNeg    . . .      Spirit   .   b - +0 robe
rPois   .          Reflect  .   (no helmet)
rElec   .          Harm     .   (no cloak)
rCorr   .          Rampage  .   (no gloves)
Will    .....                   d - +0 pair of boots
Stlth   ++++......              (no amulet)
HPRegen 0.31/turn               l - +4 ring of protection
MPRegen 0.11/turn               m - +4 ring of evasion

@: healing quickly
A: alive, fangs 3, see invisible, vampiric 2
a: Exsanguinate


You were on level 3 of the Dungeon.
You visited 1 branch of the dungeon, and saw 4 of its levels.

You collected 198 gold pieces.

Inventory:

Hand Weapons
 a - a +1 dagger
 c - a +2 whip of electrocution (weapon)
Missiles
 q - 3 silver boomerangs (quivered)
Armour
 b - a +0 robe (worn)
 d - a +0 pair of boots (worn)
Jewellery
 l - a +4 ring of protection (left hand)
 m - a +4 ring of evasion (right hand)
Scrolls
 e - a scroll of vulnerability {unknown}
 f - 4 scrolls of identify {unknown}
 h - a scroll of magic mapping {unknown}
 i - a scroll of teleportation {unknown}
 n - 4 scrolls of fog {unknown}
 o - 2 scrolls of acquirement {unknown}
 u - 2 scrolls of blinking {unknown}
 x - a scroll of amnesia {unknown}
Potions
 g - 2 potions of might
 j - 2 potions of mutation {unknown}
 k - 2 potions of haste
 p - 2 potions of curing
 r - a potion of resistance {unknown}
 s - a potion of brilliance {unknown}
 t - a potion of attraction {unknown}
 v - a potion of flight {unknown}
 w - a potion of ambrosia {unknown}


   Skills:
 - Level 1.1 Short Blades
 - Level 2.1 Dodging
 + Level 7.5 Stealth
 - Level 2.0 Spellcasting
 + Level 7.1 Hexes


You had 6 spell levels left.
You knew the following spells:

 Your Spells              Type           Power      Damage    Failure   Level
a - Ensorcelled Hibernat  Hex/Ice        32%        N/A       5%          2

Your spell library contained the following spells:

 Spells                   Type           Power      Damage    Failure   Level
 Confusing Touch          Hex            30%        N/A       2%          3
 Tukima's Dance           Hex            30%        N/A       2%          3
 Dazzling Flash           Conj/Hex       32%        N/A       11%         3
 Sandblast                Erth           4%         2d4       16%         1
 Passwall                 Tmut/Erth      1%         N/A       24%         2
 Sublimation of Blood     Necr           2%         N/A       24%         2
 Stone Arrow              Conj/Erth      4%         3d7       43%         3
 Petrify                  Tmut/Erth      2%         N/A       83%         4
 Irradiate                Conj/Tmut      1%         3d12      99%         5


Dungeon Overview and Level Annotations

Branches:
Dungeon (4/15)
 Temple: D:4-7

Altars:

Shops:
D:2 [

Annotations:
D:3 Pikel


Innate Abilities, Weirdness & Mutations

Your natural rate of healing is accelerated.
You have razor-sharp teeth.
You have supernaturally acute eyesight. (SInv)
You are afflicted with vampirism and can become a bat while bloodless.


Message History

Pikel is heavily wounded.
Pikel closely misses you.
You hear the crackle of electricity.
c - a +2 whip of electrocution (weapon)
Pikel completely misses you.
You hit Pikel but do no damage. Your bite misses Pikel.
Pikel is heavily wounded.
Pikel closely misses you.
Unknown command.
Pikel hits you but does no damage.
Your magical contamination has completely faded away.
You climb upwards.
There is a stone staircase leading down here.
You miss Pikel.
Pikel is heavily wounded.
Pikel closely misses you.
You hit Pikel but do no damage.
Pikel is heavily wounded.
Pikel completely misses you.
You hit Pikel.
Pikel is heavily wounded.
Pikel hits you with a +1 whip of freezing.
Pikel freezes you.
You hit Pikel.
Pikel is severely wounded.
Pikel hits you with a +1 whip of freezing!
* * * LOW HITPOINT WARNING * * *
Pikel freezes you.
* * * LOW HITPOINT WARNING * * *
You hit Pikel. Lightning courses through Pikel!
Pikel is almost dead.
Pikel cracks his whip.
Pikel hits you with a +1 whip of freezing.
* * * LOW HITPOINT WARNING * * *
Pikel freezes you.
* * * LOW HITPOINT WARNING * * *
Pikel hits you with a +1 whip of freezing.
* * * LOW HITPOINT WARNING * * *
Pikel freezes you.
You die...

...# ######### ##.##### #.......#
#.....# #.......#
##.....#######.#####.##
......................#
##.....#####.#.#####..# .......#
##....# #..# ########
#.....#####..# # ##....K@.....# #
##.########.## # #.# #..# # #.#
##.# ## # ##+## #.# #> # ##...##
#.# #. #### ##.....## #.# #.
...## ##.......## ##.## #.
#...####.........####...########.


You could see Pikel.

Vanquished Creatures
  3 lemures
  2 hounds (D:4)
  An iguana (D:4)
  2 orc wizards (D:3)
  A worm (D:2)
  A dart slug (D:1)
  5 orcs (D:3)
  7 endoplasms
  6 goblins
  9 hobgoblins
  A quokka (D:2)
  2 ball pythons
  4 bats
  A frilled lizard (D:1)
  5 kobolds
  2 rats
52 creatures vanquished.

Notes
Turn   | Place    | Note
-------+----------+-------------------------------------------
     0 | D:1      | Shayle the Vampire Enchanter began the quest for the Orb.
     0 | D:1      | Reached XP level 1. HP: 13/13 MP: 3/3
   280 | D:1      | Reached XP level 2. HP: 17/19 MP: 5/5
   374 | D:1      | Found a faded altar of an unknown god.
   432 | D:1      | Reached skill level 5 in Stealth
   635 | D:2      | Reached skill level 5 in Hexes
   658 | D:2      | Found Toys's Antique Armour Boutique.
  1134 | D:2      | Learned a level 2 spell: Ensorcelled Hibernation
  1166 | D:2      | Gained mutation: You are afflicted with vampirism and can
                  | become a bat while bloodless. [Vampire growth]
  1166 | D:2      | Reached XP level 3. HP: 24/24 MP: 3/6
  2054 | D:3      | Reached XP level 4. HP: 21/30 MP: 1/7
  2714 | D:4      | Reached XP level 5. HP: 30/35 MP: 3/8
  2808 | D:4      | Noticed a lemure
  2810 | D:4      | Noticed Pikel
  2810 | D:4      | Noticed a lemure
  2811 | D:4      | Noticed a lemure
  2811 | D:4      | Noticed a lemure
  2829 | D:4      | Killed a lemure
  2889 | D:3      | Killed a lemure
  2994 | D:3      | Killed a lemure
  3133 | D:3      | HP: 1/35 [Pikel/+1 whip of freezing (2)]
  3133 | D:3      | Slain by Pikel

Illustrated notes

Levels and vault maps discovered:
D:1:      sevenhm_arrival_forest_fort_large_2, layout_basic,
          hellmonk_ecumenical_altar_leap_of_faith
D:2:      layout_basic, serial_shops, shop, basic_altar
D:3:      layout_loops_corners, guppyfry_early_orc_mine
D:4:      layout_loops_ring, nicolae_dithmenos_through_a_glass_darkly,
          minmay_temple_entry_junction, uniq_pikel

Skill      XL: |  1  2  3  4  5 |
---------------+----------------+-----
Stealth        | 5 6 7 |  7.5
Hexes          | 5 6 7 |  7.1
Short Blades   | |  1.1
Dodging        | |  2.1
Spellcasting   | |  2.0

Action                   |  1- 3 |  4- 6 || total
-------------------------+-------+-------++-------
Melee: Dagger            |   101 |    42 ||   143
       Bite              |    10 |     8 ||    18
       Punch             |     1 |       ||     1
       Whip              |       |    12 ||    12
Throw: Boomerang         |       |     1 ||     1
 Cast: Ensorcelled Hiber |    10 |    17 ||    27
  Use: Potion            |     2 |     2 ||     4
 Stab: Sleeping          |    15 |    11 ||    26
       Invisible         |     1 |     1 ||     2
Armor: Robe              |    25 |    12 ||    37
Dodge: Dodged            |    78 |    49 ||   127
